 Dungeon Crawl Stone Soup version 0.31.0-32-g396128a36d (webtiles) character file.

Game seed: 1733017570043529778

15183 Ardipithecus the Cleaver (level 11, -9/105 HPs)
             Began as a Minotaur Berserker on Apr 13, 2024.
             Was the Champion of Trog.
             Mangled by Eolas's ghost (12 damage)
             ... on level 10 of the Dungeon.
             The game lasted 00:19:25 (11076 turns).

Ardipithecus the Cleaver (Minotaur Berserker)      Turns: 11076, Time: 00:19:25

Health: -9/105     AC: 22    Str: 33    XL:     11   Next: 98%
Magic:  10/10      EV: 11    Int:  4    God:    Trog [******]
Gold:   30         SH:  0    Dex: 11    Spells: 10/10 levels left

rFire   + . .        M - +2 executioner's axe (venom)
rCold   + + .        (shield currently unavailable)
rNeg    . . .        y - +2 plate armour {rF+}
rPois   .            (helmet restricted)
rElec   .            s - +2 cloak {rCorr}
rCorr   +            (no gloves)
SInv    .            x - +0 pair of boots "Ylaini" {rC+ Str+8}
Will    .....        o - amulet of faith Stlth
                     g - ring of protection from cold
HPRegen 0.37/turn    B - +4 ring of slaying
MPRegen 0.12/turn

%: faith
@: on berserk cooldown, slowed, very slow
A: horns 2, retaliatory headbutt
a: Renounce Religion, Berserk, Trog's Hand, Brothers in Arms


You were on level 10 of the Dungeon.
You worshipped Trog.
Trog was exalted by your worship.
You visited 1 branch of the dungeon, and saw 10 of its levels.

You collected 837 gold pieces.
You spent 807 gold pieces at shops.

Inventory:

Hand Weapons
 v - the +5 Force Lance {heavy, knockback}
   (You found it on level 4 of the Dungeon)
 w - a +1 war axe of venom
 A - a +1 battleaxe
 M - a +2 executioner's axe of venom (weapon)
Armour
 m - the +1 chain mail of Leaves {^Drain rPois Will+}
   (You bought it in a shop on level 2 of the Dungeon)

   rPois:     It protects you from poison Will+: It increases your willpower.
   ^Drain:    It drains your maximum health when unequipped.
 s - a +2 cloak of preservation (worn)
 x - the +0 pair of boots "Ylaini" (worn) {rC+ Str+8}
   (You found it on level 5 of the Dungeon)

   Str+8:     It affects your strength (+8).
   rC+:       It protects you from cold.
 y - a +2 plate armour of fire resistance (worn)
Jewellery
 g - a ring of protection from cold (left hand)
 o - an amulet of faith (around neck)
 t - an amulet of regeneration
 B - a +4 ring of slaying (right hand)
 E - a ring of see invisible
Talismans
 k - a serpent talisman
Wands
 b - a wand of flame (37)
 z - a wand of iceblast (14)
 C - a wand of charming (12)
 D - a wand of mindburst (7)
 H - a wand of light (8)
 I - a wand of polymorph (14)
Scrolls
 i - a scroll of immolation
 n - 3 scrolls of enchant armour
 p - 5 scrolls of teleportation
 q - a scroll of poison
 G - 2 scrolls of fear {unknown}
 J - 2 scrolls of noise
Potions
 a - 6 potions of brilliance {unknown}
 c - 3 potions of enlightenment {unknown}
 d - 10 potions of curing {unknown}
 e - 2 potions of lignification {unknown}
 f - 3 potions of invisibility {unknown}
 h - 2 potions of ambrosia {unknown}
 j - a potion of berserk rage {unknown}
 l - a potion of mutation {unknown}
 r - a potion of magic {unknown}
 u - 3 potions of haste {unknown}
 F - a potion of attraction {unknown}
 N - 2 potions of degeneration {unknown}
 O - a potion of cancellation {unknown}


   Skills:
 * Level 12.5 Fighting
 + Level 14.1 Axes
 * Level 11.6 Armour
 * Level 8.8 Dodging


You had 10 spell levels left.
You didn't know any spells.
Your spell library was empty.

Dungeon Overview and Level Annotations

Branches:
Dungeon (10/15)            Temple (0/1) D:4            Lair (0/5) D:9
    Orc (0/2) D:10

Altars:
Cheibriados
Fedhas
Nemelex Xobeh
Qazlal
Vehumet
Wu Jian
Xom
Yredelemnul
The Shining One
Jiyva

Shops:
D:2 *   D:4 [

Annotations:
D:10 Eolas's ghost, novice TrFi


Innate Abilities, Weirdness & Mutations

You have a pair of horns on your head.
You reflexively headbutt those who attack you in melee.


Message History

You slice the slime creature!! x2
The slime creature looks as sick as possible!
Eolas's ghost hits you! The slime creature hits you.
Unknown command.
You slice Eolas's ghost!!
Eolas's ghost is severely damaged.
You slice the slime creature!!
You kill the slime creature!
Trog accepts your kill.
You slice the slime creature like a ripe choko!!!
You kill the slime creature!
Trog accepts your kill.
Eolas's ghost hits you but does no damage.
You closely miss Eolas's ghost. Your headbutt misses Eolas's ghost.
Eolas's ghost is severely damaged.
You are no longer berserk.
You are exhausted.
You feel yourself slow down. Eolas's ghost hits you!
* * * LOW HITPOINT WARNING * * *
Unknown command.
Unknown command.
You closely miss Eolas's ghost. Your headbutt misses Eolas's ghost.
Eolas's ghost is severely damaged.
Eolas's ghost completely misses you. You furiously retaliate!
You headbutt Eolas's ghost, but do no damage.
Eolas's ghost hits you but does no damage.
You slash Eolas's ghost!
Eolas's ghost is severely damaged.
Eolas's ghost misses you.
You slice Eolas's ghost!!
Eolas's ghost is almost destroyed.
Eolas's ghost hits you but does no damage.
Eolas's ghost hits you!
* * * LOW HITPOINT WARNING * * *
You hit Eolas's ghost but do no damage.
Eolas's ghost is almost destroyed.
Eolas's ghost hits you!
* * * LOW HITPOINT WARNING * * *
Eolas's ghost hits you!
You die...

#####+####
#...)).....#####... #.#
####'####### #### #.# #.# #.#
#.## #.# #### #..# ### #.#
##...####.##### #..
#######.###.....#.......#
####.#
...[..#.##?.....'.......#
#.....
#####....#_?....@.......#
#.....
###.##$.....W.......####.....
##.###.....#.........##.....
#..# ##...##...:...#.##.....
#.## #####........#........
#.# ####.########..... #.#
###.# #####. #.# #<..# #. #.#
#.### #.


You could see Eolas's ghost.

Vanquished Creatures
  A centaur warrior (D:9)
  3 two-headed ogres
  A boulder beetle (D:6)
  The ghost of drollins the Fighter, a novice MiFi of Trog (D:6)
  Pikel (D:5)
  Maurice (D:8)
  A spectral unseen horror (D:6)
  An unseen horror (D:10)
  4 trolls
  2 hornets (D:9)
  Sigmund (D:2)
  3 slime creatures (D:10)
  2 yaks (D:9)
  A wyvern (D:7)
  A steam dragon (D:8)
  Menkaure (D:7)
  4 water moccasins
  14 orc warriors
  Duvessa (D:5)
  2 sky beasts
  2 ice beasts (D:6)
  2 black bears
  2 wolves (D:9)
  4 ogres
  A lemure (D:5)
  3 centaurs
  A weeping skull (D:8)
  7 kobold brigands
  4 bullfrogs
  A gnoll sergeant (D:10)
  2 scorpions
  16 wights
  Dowan (D:5)
  22 killer bees
  A spectral centaur (D:6)
  3 howler monkeys
  3 hounds
  A bombardier beetle (D:7)
  12 orc priests
  4 jellies
  A centaur skeleton (D:6)
  2 gnoll boudas
  4 iguanas
  3 sleepcaps
  17 orc wizards
  Robin (D:3)
  11 adders
  6 gnolls
  6 river rats (D:6)
  A shadow imp (D:6)
  2 white imps
  6 ufetubi
  2 ribbon worms (D:2)
  3 dart slugs
  50 orcs
  9 endoplasms
  6 giant cockroaches
  12 goblins
  9 hobgoblins
  10 quokkas
  6 ball pythons
  4 bats
  9 frilled lizards
  30 kobolds
  17 rats
  A spectral orc (D:8)
366 creatures vanquished.

Vanquished Creatures (others)
  An orc (D:5)
1 creature vanquished.

Grand Total: 367 creatures vanquished

Notes
Turn   | Place    | Note
-------+----------+-------------------------------------------
     0 | D:1      | Ardipithecus the Minotaur Berserker began the quest for the
                  | Orb.
     0 | D:1      | Reached XP level 1. HP: 19/19 MP: 0/0
   371 | D:1      | Reached XP level 2. HP: 26/27 MP: 1/1
   776 | D:2      | Reached skill level 4 in Axes
   860 | D:2      | Reached XP level 3. HP: 28/34 MP: 2/2
  1045 | D:2      | Noticed Sigmund
  1059 | D:2      | Killed Sigmund
  1060 | D:2      | Reached skill level 5 in Fighting
  1060 | D:2      | Reached skill level 5 in Axes
  1060 | D:2      | Reached XP level 4. HP: 42/42 MP: 3/3
  1060 | D:2      | Reached XP level 5. HP: 49/49 MP: 4/4
  1123 | D:2      | Found Lessyl's Assorted Antiques.
  1241 | D:2      | Reached ** piety under Trog
  1397 | D:3      | Noticed Robin
  1410 | D:3      | Killed Robin
  1493 | D:3      | Found a snail-covered altar of Cheibriados.
  1603 | D:2      | Bought a faintly humming chain mail for 171 gold pieces
  1603 | D:2      | Identified the +1 chain mail of Leaves {^Drain rPois Will+}
                  | (You bought it in a shop on level 2 of the Dungeon)
  1709 | D:3      | Reached XP level 6. HP: 57/57 MP: 5/5
  1762 | D:3      | Found a faded altar of an unknown god.
  1899 | D:3      | Found a shimmering altar of Xom.
  2238 | D:3      | Reached *** piety under Trog
  2498 | D:4      | Reached skill level 6 in Axes
  2500 | D:4      | Found a radiant altar of Vehumet.
  2643 | D:4      | Found the +5 Force Lance {heavy, knockback}
  2660 | D:4      | Found an ornate altar of the Wu Jian Council.
  2661 | D:4      | Found a stormy altar of Qazlal.
  2683 | D:4      | Noticed an orc warrior
  2692 | D:4      | Killed an orc warrior
  2693 | D:4      | Reached XP level 7. HP: 34/64 MP: 6/6
  2793 | D:4      | Found a staircase to the Ecumenical Temple.
  2812 | D:4      | Found Eckiojo's Antique Armour Shop.
  3221 | D:5      | Entered Level 5 of the Dungeon
  3283 | D:5      | Reached skill level 7 in Axes
  3477 | D:5      | Noticed Dowan
  3478 | D:5      | Noticed Duvessa
  3482 | D:5      | Killed Duvessa
  3482 | D:5      | Reached **** piety under Trog
  3488 | D:5      | Killed Dowan
  3624 | D:5      | Reached XP level 8. HP: 69/73 MP: 7/7
  3706 | D:5      | Identified the +0 pair of boots "Ylaini" {rC+ Str+8}
  3812 | D:5      | Reached skill level 5 in Armour
  3911 | D:5      | Noticed Pikel
  3920 | D:5      | Killed Pikel
  3921 | D:5      | Reached skill level 8 in Axes
  3921 | D:5      | Reached skill level 5 in Dodging
  4058 | D:6      | Found a glowing golden altar of the Shining One.
  4140 | D:6      | Noticed a boulder beetle
  4151 | D:6      | Killed a boulder beetle
  4152 | D:6      | Reached skill level 9 in Axes
  4152 | D:6      | Reached XP level 9. HP: 57/82 MP: 8/8
  4486 | D:6      | Reached skill level 10 in Axes
  4577 | D:6      | Reached ***** piety under Trog
  4665 | D:6      | Found a runed translucent gate.
  4666 | D:6      | Found a runed translucent gate.
  4666 | D:6      | Found a runed translucent gate.
  4671 | D:6      | Noticed a spectral unseen horror
  4673 | D:6      | Noticed drollins's ghost (novice MiFi)
  5173 | D:6      | Killed a spectral unseen horror
  5173 | D:6      | Received a gift from Trog
  5175 | D:6      | Killed drollins's ghost
  5176 | D:6      | Reached skill level 11 in Axes
  5176 | D:6      | Reached XP level 10. HP: 92/92 MP: 9/9
  5892 | D:7      | Reached skill level 10 in Fighting
  6101 | D:7      | Noticed Menkaure
  6105 | D:7      | Killed Menkaure
  6573 | D:8      | Noticed Maurice
  6581 | D:8      | Maurice stole the +5 Force Lance {heavy, knockback}
  6585 | D:8      | Something stole a ring of see invisible
  6590 | D:8      | Killed Maurice
  6599 | D:8      | Reached skill level 12 in Axes
  6639 | D:8      | Reached skill level 10 in Armour
  6908 | D:8      | Found a blossoming altar of Fedhas.
  6932 | D:8      | Reached ****** piety under Trog
  6935 | D:8      | Identified the +2 robe of Follow the Leader {Rampage rElec
                  | Will- rCorr}
  7241 | D:8      | Found a sparkling altar of Nemelex Xobeh.
  7456 | D:8      | Found a basalt altar of Yredelemnul.
  7524 | D:9      | Reached XP level 11. HP: 97/102 MP: 10/10
  8158 | D:9      | Received a gift from Trog
  8160 | D:9      | Noticed a two-headed ogre
  8174 | D:9      | Killed a two-headed ogre
  8386 | D:9      | Noticed a two-headed ogre
  8929 | D:9      | Killed a two-headed ogre
  8930 | D:9      | Reached skill level 13 in Axes
  8957 | D:9      | Identified the +4 helmet "Huromec" {rF+}
  9270 | D:9      | Found a staircase to the Lair.
  9337 | D:9      | Noticed a centaur warrior
  9350 | D:9      | Killed a centaur warrior
  9734 | D:9      | Received a gift from Trog
  9891 | D:4      | Bought a runed cloak for 142 gold pieces
  9992 | D:10     | Entered Level 10 of the Dungeon
 10068 | D:10     | Found a staircase to the Orcish Mines.
 10225 | D:4      | Bought a shiny plate armour for 494 gold pieces
 10340 | D:10     | Found a runed translucent gate.
 10341 | D:10     | Found a runed translucent gate.
 10341 | D:10     | Found a runed translucent gate.
 10343 | D:10     | Noticed Eolas's ghost (novice TrFi)
 10405 | D:10     | Noticed a two-headed ogre
 10410 | D:10     | Killed a two-headed ogre
 10675 | D:10     | Reached skill level 14 in Axes
 10969 | D:10     | Found a viscous altar of Jiyva.
 11076 | D:10     | HP: 3/105 [Eolas's ghost (11)]
 11076 | D:10     | Mangled by Eolas's ghost

Illustrated notes

Levels and vault maps discovered:
D:1:      minmay_arrival_shoal_huts, layout_basic, minmay_misc_feat_enclosed,
          hangedman_decor_clover_reticule, dk_noncrumbling_3
D:2:      layout_rooms, serial_shops, nicolae_shop_just_a_little_nook,
          uniq_sigmund
D:3:      layout_basic, lemuel_doored_altar, amcnicky_altar_gilded,
          hellmonk_ecumenical_altar_arch_garden,
          minmay_randomly_rotated_circles, uniq_robin
D:4:      layout_basic, mainiacjoe_overflow_cross_hatched,
          nicolae_overflow_squiral, minmay_temple_entry_stoned_glass,
          serial_shops, shop, minmay_lizard_king
D:5:      layout_cave_pools, uniq_duvessa, uniq_pikel
D:6:      lemuel_ratsnest, layout_basic, overflow_temple_1_default,
          gammafunk_ghost_necromancy, st_stairs_14, minivault_19
D:7:      layout_gridville, minmay_checkerbox, uniq_menkaure
D:8:      layout_loops_ring, general_overflow_altar,
          yredelemnul_forgotten_temple_becter, fedhas_ov_isle_minmay,
          uniq_maurice
D:9:      cheibrodos_ideogram_h, layout_gridville, erik_lair_orcish_takeover
D:10:     layout_roguey, minmay_orc_entry_temple_small, gammafunk_ghost_ooze

Skill      XL: |  1  2  3  4  5  6  7  8  9 10 11 |
---------------+----------------------------------+-----
Fighting       | 4 5 6 7 8 9 11 12 | 12.5
Axes           | 4 5 6 7 9 11 12 14 | 14.1
Dodging        | 3 4 5 6 7 8 |  8.8
Armour         | 3 4 7 8 10 11 | 11.6

Action                     |  1- 3 |  4- 6 |  7- 9 | 10-12 || total
---------------------------+-------+-------+-------+-------++-------
  Melee: Hand axe          |    48 |    42 |       |       ||    90
         Headbutt          |     3 |    11 |    41 |    36 ||    91
         Punch             |       |     2 |     4 |     3 ||     9
         War axe           |       |    43 |   155 |   169 ||   367
         Lance             |       |     5 |     8 |       ||    13
         Executioner's axe |       |       |       |    92 ||    92
 Invoke: Berserk           |     1 |     1 |     2 |     4 ||     8
    Use: Scroll            |       |       |       |    10 ||    10
   Stab: Held in net/web   |       |       |       |     1 ||     1
 Armour: Animal skin       |    30 |    15 |       |       ||    45
         Chain mail        |       |    66 |   176 |   258 ||   500
         Plate armour      |       |       |       |    49 ||    49
  Dodge: Dodged            |    31 |    63 |   132 |   217 ||   443
